 Dungeon Crawl Stone Soup version 0.17-a0-877-ga10078a (webtiles) character file.

10819 inmateoo the Martial Artist (level 11, 0/88 HPs)
             Began as a Demonspawn Warper on May 1, 2015.
             Was an Elder of Dithmenos.
             Slain by a yak (9 damage)
             ... in an ice cave.
             The game lasted 00:29:53 (13388 turns).

inmateoo the Martial Artist (Demonspawn Warper)    Turns: 13388, Time: 00:29:53

Health: 0/88       AC: 10    Str: 11    XL:     11   Next: 41%
Magic:  0/20       EV: 24    Int: 19    God:    Dithmenos [****..]
Gold:   90         SH:  0    Dex: 17    Spells: 5 memorised, 9 levels left

rFire  + + .     SeeInvis .       - Unarmed
rCold  + . .     Clarity  .     s - +2 robe {rF+}
rNeg   . . .     SustAb   .     (no shield)
rPois  .         Gourm    .     (no helmet)
rElec  .         Spirit   +     (no cloak)
rCorr  .         Warding  .     (no gloves)
rMut   .         Stasis   .     I - +2 pair of boots
MR     .....                    L - amulet of regeneration
Stlth  ++++......               H - ring of protection from cold
                                f - +3 ring of evasion

@: agile, wreathed by umbra, not resistant to hostile enchantments, stealthy
A: rugged brown scales 3, fire resistance 1, magic shield, magic regeneration
a: Shadow Step, Renounce Religion


You were in an ice cave.
You worshipped Dithmenos.
Dithmenos was greatly pleased with you.
You were hungry.

You visited 1 branch of the dungeon, and saw 11 of its levels.
You also visited: Ice Cave.

You collected 632 gold pieces.
You spent 542 gold pieces at shops.

Inventory:

Missiles
 d - a tomahawk of dispersal (quivered)
 B - 3 tomahawks
Armour
 s - a +2 robe of fire resistance (worn)
 I - a +2 pair of boots (worn)
Jewellery
 a - an uncursed ring of teleport control
 f - a +3 ring of evasion (left hand)
 m - an uncursed amulet of clarity
 w - an uncursed ring of flight
 H - a ring of protection from cold (right hand)
 J - an uncursed ring of sustain abilities
 L - an amulet of regeneration (around neck)
Magical devices
 g - a wand of polymorph (16)
 y - a wand of teleportation (7)
 A - a wand of polymorph (4)
 N - a wand of lightning (9)
 O - a wand of magic darts (37)
Scrolls
 c - a scroll of blinking
 j - 4 scrolls of noise
 k - 3 scrolls of remove curse
 n - 3 scrolls of enchant armour
 o - a scroll of recharging
 u - 3 scrolls of fog
 z - 3 scrolls of enchant weapon
 E - 3 scrolls of teleportation
 M - a scroll of identify
Potions
 p - a potion of cure mutation
 q - 5 potions of curing
 t - 4 potions of brilliance
 K - a potion of flight
Books
 b - a book of Spatial Translocations

   Spells                             Type                      Level
   a - Apportation                    Translocation                1
   b - Blink                          Translocation                2
   c - Shroud of Golubria             Charms/Translocation         2
   d - Portal Projectile              Translocation                3
   e - Teleport Other                 Translocation                3
   f - Passage of Golubria            Translocation                4
 v - an Akashic Record {highlevel, unknown}

   This book is beyond your current level of understanding.

   Spells                             Type                      Level
   a - Dispersal                      Translocation                6
   b - Controlled Blink               Translocation                7
   c - Malign Gateway                 Summoning/Translocation      7
   d - Disjunction                    Translocation                8
   e - Singularity                    Translocation                9
 C - a Grand Grimoire {highlevel, unknown}

   This book is beyond your current level of understanding.

   Spells                             Type                      Level
   a - Aura of Abjuration             Summoning                    6
   b - Summon Greater Demon           Summoning                    7
   c - Malign Gateway                 Summoning/Translocation      7
   d - Summon Horrible Things         Summoning                    8
 D - a book of Control

   Spells                             Type                      Level
   a - Control Teleport               Charms/Translocation         4
   b - Control Undead                 Necromancy                   4
   c - Metabolic Englaciation         Hexes/Ice                    5
   d - Mass Confusion                 Hexes                        6
Comestibles
 i - 10 royal jellies
 l - 2 meat rations
 r - 3 beef jerkies
 x - 7 fruits
 F - 2 chunks of flesh
 G - 4 slices of pizza


   Skills:
 + Level 6.4 Fighting
 - Level 0.8 Throwing
 - Level 0.8 Armour
 + Level 5.9 Dodging
 + Level 10.6 Unarmed Combat
 + Level 6.1 Spellcasting
 + Level 5.8 Charms
 + Level 6.4 Translocations


You had 9 spell levels left.
You knew the following spells:

 Your Spells              Type           Power        Failure   Level  Hunger
a - Apportation           Tloc           ####......   1%          1    None
b - Blink                 Tloc           N/A          1%          2    None
c - Shroud of Golubria    Chrm/Tloc      ####......   1%          2    None
d - Passage of Golubria   Tloc           N/A          10%         4    ####...
e - Control Teleport      Chrm/Tloc      ####......   12%         4    ####...


Dungeon Overview and Level Annotations

Branches:
Dungeon (11/15)            Temple (0/1) D:5            Lair (0/8) D:8
    Orc: D:9-12

Altars:
Ashenzari
Cheibriados
Dithmenos
Fedhas
Kikubaaqudgha
Nemelex Xobeh
Trog
Xom
Yredelemnul
Zin
The Shining One

Shops:
D:7 %*?=   D:9 %   D:10 [   D:11 [(?

Annotations:
D:2 Terence


Innate Abilities, Weirdness & Mutations

You are completely covered in rugged brown scales (AC +3, +7% HP).
Your flesh is heat resistant.
When hurt, damage is shared between your health and your magic reserves.
You regenerate magic rapidly.


Message History

You hit the yak.
The yak is moderately wounded.
Your shadow barely misses the yak.
The wolf completely misses you. The yak misses you.
Unknown command.
You closely miss the yak.
The yak is moderately wounded.
The wolf misses you.
Your magical contamination has completely faded away.
Unknown command.
You hit the yak.
The yak is heavily wounded.
The wolf completely misses you. The yak completely misses you.
The wolf completely misses you.
Unknown command.
You hit the yak.
The yak is severely wounded.
Your shroud begins to fray at the edges.
The wolf completely misses you. The yak gores you!
You die...

#####
##...##
##..∩..##
#.†...†.#
#.†.∩.Y@#
##...^h##
##...##
##...#
#...##
#...##
##...##
##...#
##.h#


You could see a yak and a wolf.

Vanquished Creatures
  A hill giant (D:11)
  A fire drake (D:8)
  2 polar bears (IceCv)
  Grinder (D:6)
  2 two-headed ogres
  A troll (D:9)
  2 deep elf magi (D:11)
  A human (D:10)
  2 yaks (IceCv)
  2 hungry ghosts
  3 hippogriffs
  3 wolves (IceCv)
  Menkaure (D:4)
  A water moccasin (D:8)
  3 phantoms
  A necrophage (D:8)
  A black bear (D:8)
  3 ice beasts (D:7)
  6 centaurs
  4 ogres
  6 orc warriors
  A sky beast (D:6)
  3 big kobolds
  6 giant frogs
  5 scorpions
  A water moccasin skeleton (D:10)
  12 killer bees (D:8)
  9 wights
  2 crimson imps
  A centaur zombie (D:8)
  4 hounds
  2 giant frog zombies
  37 jellies
  8 orc wizards
  3 centaur skeletons (D:4)
  Jessica (D:2)
  A giant frog skeleton (D:7)
  6 orc priests
  4 worker ants
  3 iguanas
  2 killer bee zombies
  3 hound skeletons
  A worker ant zombie (D:8)
  Robin (D:4)
  8 gnolls
  9 adders
  2 shadow imps (D:6)
  7 oozes
  5 worms
  8 giant geckos
  26 orcs
  A bat zombie (D:8)
  6 giant cockroaches
  14 hobgoblins
  10 jackals
  3 quokkas
  18 bats
  9 giant newts
  2 giant spores (D:6)
  22 goblins
  A jackal zombie (D:10)
  24 kobolds
  A quokka skeleton (D:9)
  20 rats
  12 ballistomycetes (D:6)
371 creatures vanquished.

Notes
Turn   | Place    | Note
--------------------------------------------------------------
     0 | D:1      | inmateoo, the Demonspawn Warper, began the quest for the Orb.
     0 | D:1      | Reached XP level 1. HP: 16/16 MP: 3/3
   190 | D:1      | Gained mutation: When hurt, damage is shared between your health and your magic reserves. [demonic ancestry]
   190 | D:1      | Reached XP level 2. HP: 16/22 MP: 5/5
   529 | D:1      | Reached skill level 3 in Unarmed Combat
   709 | D:2      | Reached XP level 3. HP: 27/27 MP: 6/6
   713 | D:2      | Learned a level 2 spell: Blink
   716 | D:2      | Learned a level 2 spell: Shroud of Golubria
   964 | D:2      | Gained mutation: You are partially covered in rugged brown scales (AC +1, +3% HP). [demonic ancestry]
   964 | D:2      | Reached XP level 4. HP: 27/33 MP: 7/7
   967 | D:2      | Reached skill level 4 in Unarmed Combat
  1451 | D:2      | Noticed Terence
  1586 | D:2      | Noticed Jessica
  1604 | D:2      | Killed Jessica
  1604 | D:2      | Reached XP level 5. HP: 23/39 MP: 5/8
  1803 | D:4      | Reached skill level 5 in Unarmed Combat
  2865 | D:4      | Gained mutation: You are mostly covered in rugged brown scales (AC +2, +5% HP). [demonic ancestry]
  2865 | D:4      | Reached XP level 6. HP: 36/46 MP: 9/9
  2970 | D:4      | Noticed Robin
  2986 | D:4      | Reached skill level 6 in Unarmed Combat
  3007 | D:4      | Killed Robin
  3085 | D:4      | Found a bloodstained altar of Trog.
  3087 | D:4      | Found an ancient bone altar of Kikubaaqudgha.
  3091 | D:4      | Found a basalt altar of Yredelemnul.
  3091 | D:4      | Found a shimmering altar of Xom.
  3092 | D:4      | Found a shadowy altar of Dithmenos.
  3097 | D:4      | Found a sparkling altar of Nemelex Xobeh.
  3105 | D:4      | Found a blossoming altar of Fedhas.
  3106 | D:4      | Found a glowing golden altar of the Shining One.
  3181 | D:4      | Became a worshipper of Dithmenos the Shadowed
  3189 | D:4      | Noticed Menkaure
  3644 | D:4      | Killed Menkaure
  3644 | D:4      | Reached skill level 7 in Unarmed Combat
  3644 | D:4      | Reached XP level 7. HP: 52/52 MP: 7/10
  3888 | D:5      | Entered Level 5 of the Dungeon
  3996 | D:5      | Found a bloodstained altar of Trog.
  4041 | D:5      | Learned a level 4 spell: Passage of Golubria
  4250 | D:5      | Found a staircase to the Ecumenical Temple.
  4507 | D:6      | Noticed Grinder
  4589 | D:6      | Reached skill level 8 in Unarmed Combat
  4907 | D:6      | Found a sand-covered staircase.
  4910 | D:6      | Gained mutation: Your flesh is heat resistant. [demonic ancestry]
  4910 | D:6      | Reached XP level 8. HP: 29/58 MP: 7/11
  4961 | D:6      | Reached skill level 9 in Unarmed Combat
  5078 | D:6      | Killed Grinder
  5148 | D:6      | Reached skill level 1 in Charms
  5473 | D:6      | Found a snail-covered altar of Cheibriados.
  5664 | D:6      | Found a shattered altar of Ashenzari.
  6503 | D:7      | Found Ytieqi's Magic Scroll Emporium.
  6522 | D:7      | Bought a scroll of identify for 30 gold pieces
  6522 | D:7      | Bought a scroll of identify for 30 gold pieces
  6605 | D:7      | Found Wibeuch's Jewellery Emporium.
  6614 | D:7      | Bought an uncursed ring of protection from cold for 300 gold pieces
  6641 | D:7      | Acquired Dithmenos's first power
  6653 | D:7      | Gained mutation: You regenerate magic rapidly. [demonic ancestry]
  6653 | D:7      | Reached XP level 9. HP: 63/67 MP: 13/13
  6736 | D:7      | Found a snail-covered altar of Cheibriados.
  6738 | D:7      | Found a glowing silver altar of Zin.
  7259 | D:7      | Found Cenusuma's Assorted Antiques.
  7418 | D:7      | Found Haqaam's Food Emporium.
  7853 | D:7      | Found Ruoj's General Store.
  8388 | D:7      | Gained mutation: You are completely covered in rugged brown scales (AC +3, +7% HP). [demonic ancestry]
  8388 | D:7      | Reached XP level 10. HP: 52/78 MP: 12/16
  8399 | D:7      | Reached skill level 5 in Translocations
  8763 | D:8      | Acquired Dithmenos's second power
  9003 | D:8      | Reached skill level 5 in Fighting
  9019 | D:8      | Reached skill level 10 in Unarmed Combat
  9268 | D:7      | Reached skill level 5 in Spellcasting
  9745 | D:8      | Found a staircase to the Lair.
 10145 | D:9      | Reached skill level 5 in Dodging
 10852 | D:9      | Found Obae's Food Shoppe.
 11030 | D:9      | Reached skill level 5 in Charms
 11404 | D:8      | Acquired Dithmenos's third power
 11549 | D:9      | HP: 1/81 [orc priest/nerve-wracking pain (6)]
 12211 | D:9      | Reached XP level 11. HP: 82/86 MP: 19/19
 12275 | D:10     | Entered Level 10 of the Dungeon
 12329 | D:10     | Found a runed door.
 12334 | D:10     | Found a basalt altar of Yredelemnul.
 12858 | D:10     | Found Niygargh's Antique Armour Shoppe.
 12867 | D:10     | Bought a wizard robe for 182 gold pieces
 12877 | D:10     | Identified the cursed +0 robe "Oraren" {rC+ Str+7 Slay-6 Stlth+} (You bought it in a shop on level 10 of the Dungeon)
 13013 | D:11     | Learned a level 4 spell: Control Teleport
 13017 | D:11     | Noticed a hill giant
 13032 | D:11     | Killed a hill giant
 13075 | D:11     | Found Quash's Antique Armour Emporium.
 13109 | D:11     | Found Solebed's Antique Weapon Boutique.
 13155 | D:11     | Found Ruent's Magic Scroll Emporium.
 13226 | D:11     | Found a frozen archway.
 13255 | D:11     | Noticed a hill giant
 13277 | IceCv    | Entered an ice cave
 13388 | IceCv    | Slain by a yak

Action                   |  1- 3 |  4- 6 |  7- 9 | 10-12 || total
-------------------------+-------+-------+-------+-------++-------
Melee: Unarmed           |   136 |   305 |   655 |   828 ||  1924
Throw: Tomahawk          |       |       |     2 |     2 ||     4
 Cast: Shroud of Golubri |     1 |     1 |     2 |    28 ||    32
       Blink             |       |     1 |       |     3 ||     4
       Passage of Golubr |       |       |       |     7 ||     7
Evoke: Wand              |       |       |       |     3 ||     3
  Use: Scroll            |     5 |     7 |     9 |    10 ||    31
       Potion            |       |     1 |     3 |     6 ||    10
 Stab: Sleeping          |       |     4 |     4 |     3 ||    11
       Distracted        |       |     1 |     4 |       ||     5
       Fleeing           |       |       |       |     1 ||     1
  Eat: Chunk             |       |     8 |     9 |    10 ||    27
       Fruit             |       |     1 |       |       ||     1
       Bread ration      |       |       |     3 |     2 ||     5
